 Dungeon Crawl Stone Soup version 0.30-a0-696-g2367cd04db (console) character file.

Game seed: 10384565388666590809

77 petzl the Sneak (level 4, 0/35 HPs)
             Began as a Formicid Delver on Jan 21, 2023.
             Slain by a goblin
             ... wielding a +0 club
             ... led by Robin
              (2 damage)
             ... on level 3 of the Dungeon.
             The game lasted 00:10:08 (2210 turns).

petzl the Sneak (Formicid Delver)                   Turns: 2210, Time: 00:10:09

Health: 0/35       AC:  3    Str: 15    XL:     4   Next: 60%
Magic:  8/8        EV: 11    Int: 16    God:
Gold:   252        SH:  0    Dex: 14    Spells: 9/9 levels left

rFire   . . .      SeeInvis +    b - +1 rapier (drain)
rCold   . . .      Faith    .    (no shield)
rNeg    . . .      Spirit   .    n - +0 leather armour
rPois   .          Reflect  .    (helmet unavailable)
rElec   .          Harm     .    (no cloak)
rCorr   .          Rampage  .    (no gloves)
Will    .....                    (no boots)
Stlth   ++++                     (no amulet)
HPRegen 0.25/turn                (no ring)
MPRegen 0.11/turn                (no ring)

@: no status effects
A: permanent stasis, dig shafts and tunnels, antennae 3, four strong arms,
hooves 1, camouflage 1, clever 1
a: Dig, Shaft Self


You were on level 3 of the Dungeon.
You visited 1 branch of the dungeon, and saw 7 of its levels.

You collected 252 gold pieces.

Inventory:

Hand Weapons
 a - a +0 sling
 b - a +1 rapier of draining (weapon)
Missiles
 j - 5 poisoned darts
Armour
 f - a +0 pair of gloves
 n - a +0 leather armour (worn)
Jewellery
 i - a ring of flight
 s - a ring of positive energy
Wands
 g - a wand of digging (3)
 k - a wand of flame (14)
Scrolls
 c - 2 scrolls of fog
 d - 2 scrolls of magic mapping
 e - a scroll of fear
 h - 2 scrolls of enchant weapon {unknown}
 l - 4 scrolls of identify {unknown}
 o - a scroll of amnesia {unknown}
 q - a scroll of butterflies {unknown}
 r - a scroll of teleportation {unknown}
 u - 2 scrolls of blinking {unknown}
Potions
 m - a potion of magic {unknown}
 p - a potion of lignification {unknown}
 t - a potion of might {unknown}
 v - a potion of mutation
 w - a potion of degeneration {unknown}


   Skills:
 - Level 3.2 Fighting
 - Level 2.0 Maces & Flails
 + Level 1.9 Ranged Weapons
 - Level 1.7 Dodging
 - Level 6.0 Stealth
 + Level 3.1 Spellcasting


You had 9 spell levels left.
You didn't know any spells.
Your spell library contained the following spells:

 Spells                   Type           Power      Damage    Failure   Level
 Kiss of Death            Conj/Necr      8%         2d6       22%         1
 Lesser Beckoning         Tloc           4%         N/A       34%         2
 Momentum Strike          Conj/Tloc      4%         3d8       34%         2
 Confusing Touch          Hex            2%         N/A       56%         3
 Gell's Gravitas          Tloc           2%         N/A       56%         3
 Teleport Other           Tloc           2%         N/A       56%         3
 Dispel Undead            Necr           2%         3d7       92%         4
 Blink                    Tloc           Unusable   N/A       N/A         2

Dungeon Overview and Level Annotations

Branches:
Dungeon (7/15)
 Temple: D:4-7

Altars:
Nemelex Xobeh
Xom

Annotations:
D:2 Natasha, Robin
D:3 exclusion: downstairs
D:5 exclusion: downstairs
D:6 exclusions: downstairs and iguana


Innate Abilities, Weirdness & Mutations

You cannot be hasted, slowed, berserked, paralysed or teleported.
You can dig through walls and to a lower floor.
You have a pair of large antennae on your head. (SInv)
Your four strong arms can wield two-handed weapons with a shield.
You have large cloven feet.
Your skin changes colour to match your surroundings (Stealth+).
Your mind is acute. (Int +4, Str/Dex -1)


Message History

The goblin is moderately wounded.
The goblin barely misses you.
You closely miss the goblin.
The goblin is moderately wounded.
The goblin hits you with a +0 dagger.
You barely miss the goblin.
The goblin is moderately wounded.
The goblin closely misses you.
You puncture the goblin!
You kill the goblin!
You puncture the goblin!
You kill the goblin!
Robin roars a battlecry!
The goblin goes into a battle-frenzy!
Robin throws the goblin at you!
The goblin hits you but does no damage. x2
The goblin hits you with a +0 club. The goblin barely misses you.
There is an escape hatch in the floor here.
Robin throws the goblin at you! The goblin hits you with a +0 club.
You slide downwards.
The hatch slams shut behind you.
Level annotation: exclusion: downstairs You closely miss the goblin.
The goblin completely misses you. The goblin misses you.
The goblin attacks as you move away! The goblin hits you with a +0 club.
The goblin unwields a +0 club.
The goblin wields a +0 sling.
The goblin shoots a sling bullet.
The sling bullet hits you but does no damage.
The goblin attacks as you move away! The goblin hits you with a +0 club.
* * * LOW HITPOINT WARNING * * *
The goblin shoots a sling bullet.
The sling bullet hits you.
* * * LOW HITPOINT WARNING * * *
It was a potion of mutation.
You feel extremely strange.
Your feet thicken and deform.
Your skin functions as natural camouflage.
You feel clever. The goblin hits you with a +0 club.
* * * LOW HITPOINT WARNING * * *
Are you sure you want to shaft yourself?
The goblin hits you with a +0 club.
You die...

### .##. ..#..##.# ###.#..##.#
....#..##.# #..#..##.#
#.....##.##############
#...#.##...............
#...........##)#######.
##########...#.....#.##.#.....#.
.......>.#..<....#.#.##.#.....#.
########.#######.#.#.##.#.._..'.
#.#.@...#.#...##.#.....#.
#.#g###.#.#####..#.....#[
#....g...........#######.
###g....#.#####..........
#.......# #.......... #.#######
########### #.# #.# ..# ###


You could see 2 goblins.

Vanquished Creatures
  An adder (D:6)
  A worm (D:2)
  2 dart slugs (D:1)
  An orc (D:4)
  5 ball pythons
  5 endoplasms
  2 giant cockroaches
  12 goblins
  4 hobgoblins
  5 quokkas
  5 bats
  2 frilled lizards (D:1)
  2 kobolds
  7 rats (D:1)
54 creatures vanquished.

Notes
Turn   | Place    | Note
-------+----------+-------------------------------------------
     0 | D:5      | petzl the Formicid Delver began the quest for the Orb.
     0 | D:5      | Reached XP level 1. HP: 18/18 MP: 1/1
    41 | D:4      | Reached skill level 1 in Spellcasting
    68 | D:4      | Noticed a scorpion
    71 | D:4      | Reached XP level 2. HP: 24/24 MP: 2/4
   243 | D:7      | Noticed a scorpion
   335 | D:6      | Noticed a phantom
   346 | D:6      | Noticed an ice beast
   488 | D:4      | Found a sparkling altar of Nemelex Xobeh.
   650 | D:3      | Found a shimmering altar of Xom.
   749 | D:2      | Noticed Natasha
   818 | D:2      | Reached XP level 3. HP: 14/29 MP: 6/6
  1159 | D:1      | Reached skill level 1 in Ranged Weapons
  1257 | D:1      | Reached XP level 4. HP: 31/35 MP: 8/8
  1439 | D:1      | Found a faded altar of an unknown god.
  2120 | D:2      | Noticed Robin
  2209 | D:3      | Gained mutation: You have large cloven feet. [potion of
                  | mutation]
  2209 | D:3      | Gained mutation: Your skin changes colour to match your
                  | surroundings (Stealth+). [potion of mutation]
  2209 | D:3      | Gained mutation: Your mind is acute. (Int +4, Str/Dex -1)
                  | [potion of mutation]
  2210 | D:3      | Slain by a goblin

Illustrated notes

Levels and vault maps discovered:
D:1:      nzn_arrival_settlement, layout_basic,
          ebering_ecumenical_altar_abandoned
D:2:      layout_basic, uniq_natasha, uniq_robin
D:3:      minmay_evil_eye, layout_basic, amcnicky_altar_gilded, serial_shops,
          nicolae_diamond_shop
D:4:      layout_rooms, nemelex_xobeh_ov_fountains_minmay
D:5:      layout_loops_cross, nicolae_overflow_crystal_walls, uniq_eustachio,
          uniq_grinder, uniq_blork_the_orc
D:6:      layout_loops_ring, mainiacjoe_overflow_paths, enter_ossuary_2,
          nrook_campfire, nicolae_water_bricks, minmay_manual_mess
D:7:      layout_cave_pools, mainiacjoe_overflow_alcove_4,
          minmay_temple_entry_tees, kennysheep_generic_room_6

Skill      XL: |  1  2  3  4 |
---------------+-------------+-----
Spellcasting   | 1 2 3 |  3.1
Ranged Weapons | 1 |  1.9
Fighting       | |  3.2
Maces & Flails | |  2.0
Dodging        | |  1.7
Stealth        | |  6.0

Action                   |  1- 3 |  4- 6 || total
-------------------------+-------+-------++-------
Melee: Mace              |    22 |       ||    22
       Rapier            |    62 |    65 ||   127
       Punch             |     1 |       ||     1
 Fire: Sling             |    24 |       ||    24
 Abil: Shaft Self        |       |     1 ||     1
Evoke: Wand              |    10 |       ||    10
  Use: Potion            |       |     1 ||     1
 Stab: Sleeping          |     8 |     9 ||    17
Armor: Leather armour    |    25 |    14 ||    39
Dodge: Dodged            |    70 |    34 ||   104

Table legend: (Time is in decaauts)
 A = Elapsed time spent in this place.
 B = Non-inter-level travel time spent in this place.
 C = Inter-level travel time spent in this place.
 D = Time resting spent in this place.
 E = Time spent auto-exploring this place.
 F = Levels seen in this place.
 G = Mean time per level.
                   A        B        C        D        E       F      G
               +--------+--------+--------+--------+--------+-----+--------+
         Total |   2248 |   2196 |     52 |    224 |    884 |   7 |  321.1 |
       Dungeon |   2248 |   2196 |     52 |    224 |    884 |   7 |  321.1 |
               +--------+--------+--------+--------+--------+-----+--------+

Top non-repeatable levels by time:
     D:1: 916 daAuts
     D:2: 610 daAuts
     D:4: 208 daAuts
     D:5: 166 daAuts
     D:3: 156 daAuts
     D:6: 101 daAuts
     D:7: 87 daAuts
